 Dungeon Crawl Stone Soup version 0.28.0-53-g5a82cb258f (console) character file.

Game seed: 444251464081138905

7149 erker the Transmogrifier (level 11, -1/61 HPs)
             Began as an Octopode Earth Elementalist on July 11, 2022.
             Was an Initiate of Gozag.
             Slain by an orc warrior
             ... wielding a +0 mace
              (12 damage)
             ... on level 10 of the Dungeon.
             The game lasted 00:59:24 (13457 turns).

erker the Transmogrifier (OpEE)                    Turns: 13457, Time: 00:59:24

Health: -1/61      AC:  1    Str: 15    XL:     11   Next: 10%
Magic:  2/18       EV: 12    Int: 25    God:    Gozag
Gold:   683        SH:  3    Dex: 12    Spells: 11/20 levels left

rFire   . . .      SeeInvis .   a - +2 dagger of Instinct {spect, Int+4}
rCold   . . .      Faith    .   H - +0 buckler
rNeg    . . .      Spirit   .   (helmet restricted)
rPois   .          Reflect  .   (no amulet)
rElec   .          Harm     .   t - +6 ring of strength
rCorr   .          Rampage  .   D - ring of flight
Will    .....                   (no ring)
Stlth   ++++......              (no ring)
HPRegen 0.20/turn               (no ring)
MPRegen 0.16/turn               (no ring)
                                (no ring)
                                (no ring)

@: gold aura, flying, slowed, very slow
A: almost no armour, amphibious, 8 rings, camouflage 1, gelatinous body 1,
(nimble swimmer 1), tentacles
a: Renounce Religion, Potion Petition, Call Merchant, Bribe Branch


You were on level 10 of the Dungeon.
You worshipped Gozag.
Gozag was pleased with you.
You visited 2 branches of the dungeon, and saw 11 of its levels.

You collected 985 gold pieces.
You spent 226 gold pieces at shops.
You paid 76 gold pieces to Gozag.

Inventory:

Hand Weapons
 a - the +2 dagger of Instinct (weapon) {spect, Int+4}
   (You found it on level 4 of the Dungeon)

   When its wielder attacks, the weapon's spirit leaps out and strikes again.
   The spirit shares a part of any damage it takes with its wielder.
   Int:       It affects your intelligence (+4).
 b - a +1 dagger of venom
 d - a +0 dagger
Missiles
 e - 138 arrows
 h - 7 poisoned darts (quivered)
 n - 8 boomerangs
 q - 212 stones
 u - 6 curare-tipped darts
 x - a throwing net
 y - 44 bolts
Armour
 H - a +0 buckler (worn)
Jewellery
 t - a +6 ring of strength (left tentacle)
 D - a ring of flight (right tentacle)
Wands
 C - a wand of flame (3)
 I - a wand of mindburst (5)
Scrolls
 c - a scroll of vulnerability
 i - a scroll of amnesia {unknown}
 j - 5 scrolls of teleportation
 l - a scroll of silence {unknown}
 m - 2 scrolls of fog {unknown}
 o - 2 scrolls of blinking
 p - 3 scrolls of magic mapping
 s - 2 scrolls of enchant weapon
 v - a scroll of fear
 w - 3 scrolls of identify
 B - a scroll of brand weapon {unknown}
 E - 2 scrolls of enchant armour {unknown}
Potions
 f - 6 potions of curing
 g - 2 potions of lignification
 k - 4 potions of heal wounds
 r - 3 potions of flight
 z - 2 potions of berserk rage {unknown}
 F - a potion of attraction {unknown}
 G - a potion of ambrosia {unknown}
Miscellaneous
 A - a phantom mirror


   Skills:
 - Level 4.0 Short Blades
 - Level 2.0 Dodging
 - Level 6.0 Stealth
 + Level 5.2 Spellcasting
 - Level 4.0 Hexes
 - Level 10.0 Transmutations
 - Level 4.0 Ice Magic
 - Level 10.0 Earth Magic


You had 11 spell levels left.
You knew the following spells:

 Your Spells              Type           Power      Damage    Failure   Level
a - Sandblast             Erth           100%       2d20      1%          1
p - Petrify               Tmut/Erth      54%        N/A       1%          4
w - Passwall              Tmut/Erth      45%        N/A       1%          2
z - Ensorcelled Hibernat  Hex/Ice        52%        N/A       3%          2

Your spell library contained the following spells:

 Spells                   Type           Power      Damage    Failure   Level
 Freeze                   Ice            100%       1d11      2%          1
 Stone Arrow              Conj/Erth      62%        3d10      4%          3
 Blade Hands              Tmut           27%        N/A       4%          5
 Frozen Ramparts          Ice            52%        1d7       6%          3
 Ice Form                 Ice/Tmut       41%        N/A       6%          4
 Pain                     Necr           24%        1d5       11%         1
 Scorch                   Fire           12%        2d5       17%         2
 Hailstorm                Conj/Ice       16%        3d6       43%         4
 Flame Wave               Conj/Fire      6%         2d5       73%         4
 Agony                    Necr           6%         N/A       97%         5
 Excruciating Wounds      Necr           3%         N/A       97%         5
 Summon Cactus Giant      Summ           3%         N/A       100%        6


Dungeon Overview and Level Annotations

Branches:
Dungeon (10/15)            Temple (1/1) D:4            Lair (0/6) D:9
    Orc: D:9-12

Altars:
Ashenzari
Cheibriados
Dithmenos
Elyvilon
Fedhas
Gozag
Hepliaklqana
Kikubaaqudgha
Makhleb
Nemelex Xobeh
Okawaru
Qazlal
Ru
Sif Muna
Trog
Uskayaw
Vehumet
Wu Jian
Xom
Yredelemnul
Zin
The Shining One

Shops:
D:1 =   D:6 *?

Annotations:
D:6 4 runed translucent doors
D:9 2 transporters, NiggerDarts's ghost, journeyman HuFi


Innate Abilities, Weirdness & Mutations

You cannot wear most types of armour.
You are amphibious.
You can wear up to eight rings at the same time.
Your skin changes colour to match your surroundings (Stealth+).
Your rubbery body absorbs attacks. (AC +1, EV +1)
((You are camouflaged when in or above water. (Stealth+)))
You have tentacles for arms and can constrict up to eight enemies at once.


Message History

You hit the kobold demonologist but do no damage.
The kobold demonologist is moderately wounded.
Your +2 dagger of Instinct {spect, Int+4} hits the kobold demonologist.
You constrict the kobold demonologist, but do no damage.
The kobold demonologist hits you with a +0 dagger.
The orc warrior barely misses you.
You hit the kobold demonologist.
The kobold demonologist is moderately wounded.
Your +2 dagger of Instinct {spect, Int+4} hits the kobold demonologist.
You constrict the kobold demonologist.
The kobold demonologist stops moving altogether!
The orc warrior hits you with a +0 mace.
The helpless kobold demonologist fails to defend itself.
You impale the kobold demonologist!! You squeeze the kobold demonologist.
The kobold demonologist is almost dead.
Your +2 dagger of Instinct {spect, Int+4} hits the kobold demonologist but does no damage.
You constrict the kobold demonologist. The wraith hits you.
The helpless kobold demonologist fails to defend itself.
You skewer the kobold demonologist like a kebab!!!
You kill the kobold demonologist!
You block the orc warrior's attack. The wraith hits you.
The wraith drains your vigour!
You feel yourself slow down.
Your Spellcasting skill increases to level 5!
Casting: Petrify (dangerous; 1% risk of failure)
Confirm with . or Enter, or press ? or * to list all spells.
Aiming: Passwall (safe; 1% risk of failure)
Press: ? - help, Dir - move target A rock wall.
The orc warrior closely misses you. The wraith hits you!
* * * LOW HITPOINT WARNING * * *
You block the orc warrior's attack.
You begin to meditate on the wall.
You continue meditating on the rock.
The wraith closely misses you. The orc warrior closely misses you.
The wraith closely misses you.
You continue meditating on the rock.
The orc warrior completely misses you. The wraith hits you.
* * * LOW HITPOINT WARNING * * *
The orc warrior hits you with a +0 mace!
You die...
Your body crumbles into a pile of gold.

$ #..#...........O#............
... #............######.......
##.#########...........#.###### #
.##.#.....#...........#.#..... ##
##..#.....#...........#.#.....
.###...'.....#...........+.#.....
.##....#.....'...........#.#...<.
.#.....#######.W.........#.#.....
.#.............o@$...$...#.######
.#.............(######+###.......
.#..............'................
.#..............#........######..
.#..............#........#....#..
.#..............#........#....#..
.#########'######........#....#..
.........................#....#..
.........................#'####..


You could see a wraith and an orc warrior.

Vanquished Creatures
  2 two-headed ogres (D:10)
  2 kobold demonologists
  A troll (D:6)
  A meliai (D:10)
  4 slime creatures (D:9)
  A meliai zombie (D:10)
  A wraith (D:6)
  2 yaks (D:10)
  A wyvern (D:7)
  A steam dragon (D:8)
  Edmund (D:6)
  An acid dragon (D:6)
  2 orc warriors
  2 sky beasts (D:6)
  An ice beast (D:6)
  A black bear (D:4)
  2 ogres
  7 centaurs
  A phantom (D:5)
  2 bullfrogs
  2 scorpions (D:6)
  3 killer bees (D:7)
  5 wights (D:10)
  7 howler monkeys
  4 hounds
  5 orc priests
  2 centaur zombies
  2 jellies
  2 bullfrog skeletons (D:6)
  A gnoll shaman (D:6)
  4 orc wizards
  4 iguanas
  A hound zombie (D:5)
  A hound skeleton (D:5)
  A mummy (D:5)
  A howler monkey zombie (D:5)
  9 gnolls
  A howler monkey skeleton (D:7)
  7 adders
  A shadow imp (D:5)
  5 worms
  2 dart slugs
  36 orcs
  7 ball pythons
  5 bats
  5 endoplasms
  2 giant cockroaches
  5 goblins
  7 hobgoblins
  4 quokkas
  2 frilled lizards
  A kobold (D:3)
  3 rats
183 creatures vanquished.

Notes
Turn   | Place    | Note
-------+----------+-------------------------------------------
     0 | D:1      | erker the Octopode Earth Elementalist began the quest for
                  | the Orb.
     0 | D:1      | Reached XP level 1. HP: 11/11 MP: 3/3
   191 | D:1      | Reached XP level 2. HP: 13/17 MP: 5/5
   194 | D:1      | Learned a level 2 spell: Passwall
  1416 | D:2      | Reached skill level 1 in Short Blades
  1416 | D:2      | Reached XP level 3. HP: 21/21 MP: 4/6
  1954 | D:2      | Found a faded altar of an unknown god.
  2102 | D:3      | Found a glowing golden altar of the Shining One.
  2360 | D:3      | Reached XP level 4. HP: 27/27 MP: 7/7
  2849 | D:4      | Noticed a black bear
  2880 | D:4      | Identified the +2 dagger of Instinct {spect, Int+4}
  3043 | D:4      | Found a staircase to the Ecumenical Temple.
  3054 | Temple   | Entered the Ecumenical Temple
  3331 | D:4      | Reached XP level 5. HP: 31/31 MP: 4/8
  3597 | D:4      | Reached skill level 5 in Earth Magic
  4025 | D:3      | Noticed an ogre
  4061 | D:5      | Entered Level 5 of the Dungeon
  4061 | D:5      | Noticed a phantom
  4063 | D:5      | Killed a phantom
  4064 | D:5      | Reached XP level 6. HP: 36/36 MP: 9/9
  4710 | D:5      | Reached XP level 7. HP: 41/41 MP: 7/10
  4856 | D:5      | Found a snail-covered altar of Cheibriados.
  5659 | D:6      | Found a large runed translucent door.
  5659 | D:6      | Found a large runed translucent door.
  5673 | D:6      | Found a sacrificial altar of Ru.
  5751 | D:6      | Reached skill level 5 in Transmutations
  5945 | D:6      | Reached XP level 8. HP: 24/46 MP: 9/12
  5950 | D:6      | Learned a level 4 spell: Petrify
  6197 | D:6      | Noticed Edmund
  6204 | D:6      | Found Faclules's Magic Scroll Shoppe.
  6272 | D:6      | Found a large runed translucent door.
  6272 | D:6      | Found a large runed translucent door.
  6281 | D:6      | Noticed a manticore
  6282 | D:6      | Found the ring of the Octopus King
  6337 | D:6      | Found Gozag's Platinum Reserve.
  6337 | D:6      | Found an opulent altar of Gozag.
  6346 | D:6      | Became a worshipper of Gozag Ym Sagoz the Greedy
  7126 | D:6      | Bought a scroll of magic mapping for 45 gold pieces
  7126 | D:6      | Bought a scroll of fear for 45 gold pieces
  7126 | D:6      | Bought a scroll of blinking for 97 gold pieces
  7126 | D:6      | Bought a scroll of teleportation for 39 gold pieces
  8039 | D:6      | Noticed a troll
  8094 | D:6      | Killed Edmund
  8281 | D:6      | Reached XP level 9. HP: 33/51 MP: 12/15
  8287 | D:6      | Noticed a kobold demonologist
  8415 | D:6      | Killed a kobold demonologist
  8683 | D:6      | Killed a troll
  8684 | D:6      | Reached skill level 5 in Stealth
  9288 | D:7      | Found a glowing silver altar of Zin.
 10562 | D:8      | Reached XP level 10. HP: 56/56 MP: 13/16
 10872 | D:8      | Reached skill level 10 in Transmutations
 11324 | D:9      | Found a staircase to the Lair.
 11897 | D:9      | Got the Tome of the Shifting Frostbite
 11901 | D:9      | Learned a level 2 spell: Ensorcelled Hibernation
 12168 | D:9      | Found a transporter.
 12168 | D:9      | Noticed a two-headed ogre
 12169 | D:9      | Noticed NiggerDarts's ghost (journeyman HuFi)
 12170 | D:9      | Found a transporter.
 12170 | D:9      | Noticed a two-headed ogre
 12171 | D:9      | Noticed a two-headed ogre
 12172 | D:9      | Identified the +8 dire flail "Tasekoh" {vorpal, +Blink rN+}
 12172 | D:9      | Noticed a two-headed ogre
 12413 | D:10     | Entered Level 10 of the Dungeon
 12649 | D:10     | Reached skill level 1 in Hexes
 12649 | D:10     | Reached skill level 1 in Ice Magic
 12755 | D:10     | Found a burning altar of Makhleb.
 12792 | D:10     | Noticed a two-headed ogre
 12805 | D:10     | Killed a two-headed ogre
 13195 | D:10     | Noticed a two-headed ogre
 13214 | D:10     | Noticed a gargoyle
 13279 | D:10     | Killed a two-headed ogre
 13280 | D:10     | Reached skill level 10 in Earth Magic
 13280 | D:10     | Reached XP level 11. HP: 57/61 MP: 13/17
 13295 | D:10     | Noticed a two-headed ogre
 13455 | D:10     | Reached skill level 5 in Spellcasting
 13457 | D:10     | Slain by an orc warrior

Illustrated notes

Levels and vault maps discovered:
D:1:      saegor_arrival_simple_a, layout_basic, serial_shops, shop
D:2:      layout_loops_ring, ebering_ecumenical_altar_rust,
          minmay_tree_intersection, st_stairs_10, minmay_unequal
D:3:      kb_forest_paths, layout_basic, nicolae_tso_swordbearing_angel
D:4:      layout_basic, minmay_temple_entry_junction_2,
          minmay_stone_trees_medium
D:5:      layout_basic, slow_altar_1, minmay_misc_feat_roman
D:6:      layout_cave_pools, nicolae_gozag_zags_fifth_avenue,
          nicolae_ru_awakened_eye, serial_shops, nicolae_shop_advertising_works
          [nicolae_subvault_shop_adworks], minmay_hollow_rounded_squares,
          uniq_edmund
D:7:      layout_gridville, nicolae_overflow_hidden_temple,
          eino_small_chamber_without_monster, chequers_serial_rivers_micro_a,
          minmay_holes
D:8:      layout_basic
D:9:      layout_roguey, lair_entry_dummy, gammafunk_ghost_smash
D:10:     layout_irregular_city, mainiacjoe_overflow_cross_hatched,
          kennysheep_kite_vault
Temple:   eino_temple_rhombus

Skill      XL: |  1  2  3  4  5  6  7  8  9 10 11 |
---------------+----------------------------------+-----
Stealth        | 3 4 6 |  6.0
Short Blades   | 1 2 4 |  4.0
Earth Magic    | 4 5 6 8 10 | 10.0
Transmutations | 3 6 9 10 | 10.0
Spellcasting   | 4 5 |  5.2
Hexes          | 4 |  4.0
Ice Magic      | 3 4 |  4.0
Dodging        | |  2.0

Action                   |  1- 3 |  4- 6 |  7- 9 | 10-12 || total
-------------------------+-------+-------+-------+-------++-------
Melee: Unarmed           |     7 |       |       |       ||     7
       Constrict         |     9 |    18 |    28 |     5 ||    60
       Tentacles         |     4 |    12 |    32 |    18 ||    66
       Dagger            |    23 |    61 |   149 |    71 ||   304
       Punch             |     1 |     2 |     5 |     1 ||     9
Throw: Dart              |     7 |     6 |     5 |    11 ||    29
       Boomerang         |       |       |       |     5 ||     5
 Cast: Sandblast         |    30 |     4 |    42 |    25 ||   101
       Passwall          |     3 |    11 |    15 |    12 ||    41
       Petrify           |       |       |     7 |    12 ||    19
       Ensorcelled Hiber |       |       |       |    10 ||    10
Evoke: Wand              |       |       |     1 |       ||     1
  Use: Scroll            |       |       |     7 |       ||     7
 Stab: Sleeping          |    11 |     6 |    20 |     9 ||    46
       Distracted        |       |     1 |     2 |     3 ||     6
       Petrified         |       |       |    20 |    11 ||    31
       Petrifying        |       |       |     1 |     1 ||     2
Armor: Skin              |     7 |       |     5 |     3 ||    15
Dodge: Dodged            |    24 |    22 |    61 |    35 ||   142
Block: Buckler           |       |       |       |     3 ||     3
